 Dungeon Crawl Stone Soup version 0.31.0-11-ge490571c62 (webtiles) character file.

Game seed: 4586946949850211503

410 qw the Shooter (level 6, -4/30 HPs)
             Began as a Spriggan Hunter on Feb 4, 2024.
             Slain by Prince Ribbit (16 damage)
             ... on level 5 of the Dungeon.
             The game lasted 00:01:20 (3480 turns).

qw the Shooter (Spriggan Hunter)                    Turns: 3480, Time: 00:01:21

Health: -4/30      AC:  2    Str:  7    XL:     6   Next: 58%
Magic:  7/7        EV: 22    Int: 10    God:
Gold:   155        SH:  0    Dex: 21    Spells: 5/5 levels left

rFire   . . .        a - +4 shortbow
rCold   . . .        (shield currently unavailable)
rNeg    . . .        c - +0 robe
rPois   .            (helmet restricted)
rElec   .            (no cloak)
rCorr   +            (gloves unavailable)
SInv    +            (boots unavailable)
Will    +....        (no amulet)
Stlth   ++           e - ring of resist corrosion
HPRegen 0.25/turn    (no ring)
MPRegen 0.10/turn

%: no passive effects
@: very quick
A: very small, no large weapons, unfitting armour, see invisible, speed 3
a: no special abilities


You were on level 5 of the Dungeon.
You visited 1 branch of the dungeon, and saw 5 of its levels.

You collected 155 gold pieces.


Innate Abilities, Weirdness & Mutations

You are very small and have problems with some larger weapons.
You are too small for most types of armour.
You have supernaturally acute eyesight. (SInv)
You cover ground extremely quickly. (Speed+++)


   Skills:
 - Level 2.0 Fighting
 + Level 6.5 Ranged Weapons
 - Level 6.2 Dodging
 - Level 1.5 Stealth


You had 5 spell levels left.
You didn't know any spells.
Your spell library was empty.

Inventory:

Hand Weapons
 a - a +4 shortbow (weapon)
Armour
 c - a +0 robe (worn)
 f - a +1 cloak
Jewellery
 e - a ring of resist corrosion (left hand)
Scrolls
 b - 3 scrolls of identify
 d - 2 scrolls of teleportation
Potions
 i - a potion of mutation

Dungeon Overview and Level Annotations

Branches:
Dungeon (5/15)
 Temple: D:4-7

Altars:
Hepliaklqana
Uskayaw
Xom

Shops:
D:1 !

Annotations:
D:5 Grinder, Prince Ribbit


Message History

Prince Ribbit blinks!
The jelly misses you.
Grinder blinks!
You shoot an arrow. The arrow hits the jelly.
You kill the jelly!
Your surroundings suddenly seem different.
Your Dodging skill increases to level 6!
You start resting.
A scorpion comes into view.
You shoot an arrow. The arrow hits the scorpion!
The scorpion is severely wounded.
You shoot an arrow. The arrow hits the scorpion.
The scorpion is severely wounded.
You shoot an arrow. The arrow hits the scorpion.
The scorpion is severely wounded.
You shoot an arrow. The arrow barely misses the scorpion.
You shoot an arrow. The arrow hits the scorpion.
You kill the scorpion!
You start resting.
A quokka comes into view.
You shoot an arrow. The arrow hits the quokka!
You kill the quokka!
You start resting.
HP restored.
f - a +1 cloak
Found a chain mail.
Prince Ribbit is nearby!
You shoot an arrow. The arrow closely misses Prince Ribbit.
Prince Ribbit gives a loud, deep croak!
You shoot an arrow. The arrow barely misses Prince Ribbit.
You shoot an arrow. The arrow misses Prince Ribbit.
You shoot an arrow. The arrow hits Prince Ribbit!
Prince Ribbit is moderately wounded.
You shoot an arrow. The arrow barely misses Prince Ribbit.
Prince Ribbit misses you.
You shoot an arrow. The arrow hits Prince Ribbit!
Prince Ribbit is heavily wounded.
Prince Ribbit hits you!!
Ouch! That really hurt!
Prince Ribbit hits you!
Ouch! That really hurt!
You die...

..............#
...............
..............
#####............
.....................
................[.#.#.
#..................#.#.
#...........@F...$.#.¤.
#...........########...######
#................###...#.....
#...........####.#.....#.#.##
#..........## #.#....¤...<#
#......%...# #.#.5.#..####
#..........# #.#. #...
############ #.# ##.## #.#
#..


You could see Prince Ribbit.

Vanquished Creatures
  An ogre (D:4)
  A scorpion (D:5)
  A bombardier beetle (D:4)
  A gnoll bouda (D:4)
  A jelly (D:5)
  3 iguanas
  3 gnolls (D:4)
  An adder (D:4)
  A ribbon worm (D:4)
  A dart slug (D:3)
  3 bats
  10 endoplasms
  5 giant cockroaches
  7 hobgoblins (D:1)
  2 jackals (D:3)
  7 quokkas
  4 ball pythons
  4 frilled lizards
  2 goblins (D:2)
  9 kobolds
  4 rats
71 creatures vanquished.

Notes
Turn   | Place    | Note
-------+----------+-------------------------------------------
     0 | D:1      | qw the Spriggan Hunter began the quest for the Orb.
     0 | D:1      | Reached XP level 1. HP: 10/10 MP: 2/2
     0 | D:1      | 0 ||| qw: Version: 0.3-a-160-g5e54788
     0 | D:1      | 0 ||| qw: Game counter: 4300
     0 | D:1      | 0 ||| qw: Melee chars always use a shield: true
     0 | D:1      | 0 ||| qw: God list: Okawaru
     0 | D:1      | 0 ||| qw: Allow faded altars: false
     0 | D:1      | 0 ||| qw: Do Orc after clearing Dungeon:15 true
     0 | D:1      | 0 ||| qw: Do second Lair branch before Depths: true
     0 | D:1      | 0 ||| qw: Lair rune preference: random
     0 | D:1      | 0 ||| qw: Goals: Normal
     0 | D:1      | 0 ||| PLANNING D:1-11
     2 | D:1      | 2 ||| DROPPING +1 sling of freezing.
    27 | D:1      | Reached skill level 3 in Dodging
   133 | D:1      | Reached XP level 2. HP: 14/14 MP: 3/3
   406 | D:1      | Found Suov Quh's Distillery.
   418 | D:1      | 418 ||| SHOPLISTING 2 potions of heal wounds (120 gold,
                  | have 50).
   418 | D:1      | 418 ||| SHOPLISTING potion of heal wounds (60 gold, have
                  | 50).
   418 | D:1      | 418 ||| SHOPLISTING potion of resistance (120 gold, have
                  | 50).
   497 | D:1      | Reached XP level 3. HP: 18/18 MP: 4/4
   634 | D:1      | 634 ||| READING scroll labelled ETUGYSIHUDGH.
   735 | D:1      | 735 ||| READING 3 scrolls labelled HYAMEU DUME.
   735 | D:1      | 735 ||| ENCHANTING +0 shortbow.
   736 | D:1      | 736 ||| READING 2 scrolls of enchant weapon.
   736 | D:1      | 736 ||| ENCHANTING +1 shortbow.
   737 | D:1      | 737 ||| READING scroll of enchant weapon.
   737 | D:1      | 737 ||| ENCHANTING +2 shortbow.
   738 | D:1      | 738 ||| READING scroll labelled DUNYAL QOUZ.
   739 | D:1      | 739 ||| DROPPING scroll of butterflies.
  1439 | D:2      | Found a faded altar of an unknown god.
  1615 | D:2      | Found a shimmering altar of Xom.
  1718 | D:2      | 1718 ||| READING scroll labelled KEOTSE QUFAKLY.
  1721 | D:2      | 1721 ||| READING scroll labelled DARISKORPHOAR.
  1822 | D:2      | 1822 ||| READING 2 scrolls labelled QONIVEENAGH.
  1822 | D:2      | 1822 ||| IDENTIFYING orange potion
  1823 | D:2      | 1823 ||| READING scroll of identify.
  1823 | D:2      | 1823 ||| IDENTIFYING smoky golden potion
  1824 | D:2      | 1824 ||| READING scroll labelled VUMPEC XUUGID.
  1825 | D:2      | 1825 ||| READING scroll labelled TUSKOKO VAMAY.
  1826 | D:2      | 1826 ||| READING scroll labelled XIDWES ENOR.
  1827 | D:2      | 1827 ||| DRINKING 2 fizzy inky potions.
  1828 | D:2      | 1828 ||| DROPPING potion of degeneration.
  1830 | D:2      | 1830 ||| Stepping ~*~*~tactically~*~*~ (cloud).
  1831 | D:2      | 1831 ||| DRINKING potion of curing.
  1831 | D:2      | 1831 ||| (to cure poison)
  1833 | D:2      | 1833 ||| Stepping ~*~*~tactically~*~*~ (cloud).
  1837 | D:2      | HP: 4/18 [poisoned by you (poison gas)]
  1841 | D:2      | HP: 1/18 [poisoned by you (poison gas)]
  2024 | D:3      | Reached XP level 4. HP: 22/22 MP: 5/5
  2200 | D:3      | 2200 ||| READING scroll of enchant weapon.
  2200 | D:3      | 2200 ||| ENCHANTING +3 shortbow.
  2220 | D:3      | Found a faded altar of an unknown god.
  2245 | D:3      | Found a hide-covered altar of Uskayaw.
  2424 | D:3      | 2424 ||| UPGRADING to ring of resist corrosion.
  2425 | D:3      | 2425 ||| READING scroll of identify.
  2425 | D:3      | 2425 ||| IDENTIFYING puce potion
  2426 | D:3      | 2426 ||| DROPPING potion of berserk rage.
  2629 | D:4      | Reached XP level 5. HP: 26/26 MP: 6/6
  2897 | D:4      | 2897 ||| READING scroll of identify.
  2897 | D:4      | 2897 ||| IDENTIFYING scroll labelled ONESTR VAHAQAM
  2898 | D:4      | 2898 ||| DROPPING scroll of revelation.
  3014 | D:4      | Noticed an ogre
  3018 | D:4      | Killed an ogre
  3019 | D:4      | Reached skill level 6 in Ranged Weapons
  3050 | D:4      | Reached XP level 6. HP: 30/30 MP: 7/7
  3259 | D:4      | Found a hazy altar of Hepliaklqana.
  3341 | D:5      | Entered Level 5 of the Dungeon
  3348 | D:5      | Noticed Prince Ribbit
  3348 | D:5      | Noticed Grinder
  3361 | D:5      | HP: 6/30 [Prince Ribbit (6)]
  3362 | D:5      | 3362 ||| READING 3 scrolls of teleportation.
  3365 | D:5      | Reached skill level 6 in Dodging
  3480 | D:5      | Slain by Prince Ribbit

Levels and vault maps discovered:
D:1:      dpeg_arrival_windows_large_door, layout_basic, serial_shops,
          nicolae_shop_rolling_square
D:2:      layout_basic, basic_altar, shapermc_ecumenical_altar_mp_ritualfount,
          chequers_serial_rivers_large_a, minmay_pentomino_q4
D:3:      layout_rooms, nicolae_overflow_ecumenical_swirl,
          chequers_serial_rivers_marsh
D:4:      layout_loops_corners, lemuel_coloured_pillars_altar,
          minmay_stone_trees_small
D:5:      layout_basic, uniq_prince_ribbit1, uniq_grinder

Skill      XL: |  1  2  3  4  5  6 |
---------------+-------------------+-----
Dodging        | 3 4 5 6 |  6.2
Ranged Weapons | 5 6 |  6.5
Fighting       | 2 |  2.0
Stealth        | |  1.5

Action                     |  1- 3 |  4- 6 || total
---------------------------+-------+-------++-------
   Fire: Shortbow          |   104 |    88 ||   192
    Use: Scroll            |    12 |     4 ||    16
         Potion            |     2 |       ||     2
 Armour: Robe              |     2 |     7 ||     9
  Dodge: Dodged            |    17 |    25 ||    42

Table legend:
 A = Non-vault XP
 B = Vault XP
 C = Vault XP percentage of total XP
 D = Non-vault monster count
 E = Vault monster count
 F = Vault count percentage of total count
                 A         B        C        D         E       F
            +---------+---------+-------+---------+---------+-------
      Total |     581 |       6 |   1.0 |      67 |       4 |   5.6
            +---------+---------+-------+---------+---------+-------
        D:1 |      42 |       0 |   0.0 |      24 |       0 |   0.0
        D:2 |      18 |       6 |  25.0 |      12 |       4 |  25.0
        D:3 |      60 |       0 |   0.0 |      14 |       0 |   0.0
        D:4 |     342 |       0 |   0.0 |      14 |       0 |   0.0
        D:5 |     119 |       0 |   0.0 |       3 |       0 |   0.0
            +---------+---------+-------+---------+---------+-------
